 Dungeon Crawl Stone Soup version 0.29-a0-542-g075992c915 (webtiles) character file.

Game seed: 4451156425947316217

193 HessuHobo the Skirmisher (level 5, -5/34 HPs)
             Began as a Gargoyle Fighter on June 3, 2022.
             Was a High Priest of Ignis.
             Killed by divine providence
             ... invoked by an orc priest
              (13 damage)
             ... on level 3 of the Dungeon.
             The game lasted 00:05:19 (2996 turns).

HessuHobo the Skirmisher (Gargoyle Fighter)         Turns: 2996, Time: 00:05:19

Health: -5/34      AC: 20    Str: 20    XL:     5   Next: 72%
Magic:  5/5        EV:  9    Int:  8    God:    Ignis [*****.]
Gold:   136        SH:  5    Dex: 13    Spells: 4/4 levels left

rFire   + . .      SeeInvis .   n - +5 spear of Skirmishing {flame, +Blink Fly Dex+2}
rCold   . . .      Faith    .   c - +0 buckler
rNeg    + . .      Spirit   .   b - +0 scale mail
rPois   ∞          Reflect  .   l - +0 helmet
rElec   +          Harm     .   (no cloak)
rCorr   .          Rampage  .   m - +0 pair of gloves
Will    .....                   (no boots)
Stlth   ..........              (no amulet)
HPRegen 0.11/turn               (no ring)
MPRegen 0.09/turn               (no ring)

@: fiery-armoured, flying
A: sickness immunity, AC +4, negative energy resistance 1, electricity
resistance, torment resistance 1, petrification resistance
a: Renounce Religion, Evoke Blink, Fiery Armour, Foxfire Swarm, Rising Flame


You were on level 3 of the Dungeon.
You worshipped Ignis.
Ignis was extremely pleased with you.
You visited 1 branch of the dungeon, and saw 3 of its levels.

You collected 136 gold pieces.

Inventory:

Hand Weapons
 a - a +0 flail
 n - the +5 spear of Skirmishing (weapon) {flame, +Blink Fly Dex+2}
   (You found it on level 3 of the Dungeon)

   It burns those it strikes, dealing additional fire damage.
   Dex:       It affects your dexterity (+2).
   Fly:       It grants you flight.
   +Blink:    It lets you blink.
Missiles
 i - a throwing net (quivered)
Armour
 b - a +0 scale mail (worn)
 c - a +0 buckler (worn)
 l - a +0 helmet (worn)
 m - a +0 pair of gloves (worn)
Scrolls
 e - 3 scrolls of immolation
 f - a scroll of magic mapping {unknown}
 g - 4 scrolls of identify
 h - a scroll of summoning {unknown}
 j - a scroll of fog {unknown}
Potions
 d - a potion of might
 k - a potion of cancellation {unknown}


   Skills:
 + Level 4.4 Fighting
 - Level 3.0 Maces & Flails
 + Level 0.5 Polearms
 + Level 4.4 Armour
 + Level 1.0 Stealth
 + Level 4.3 Shields


You had 4 spell levels left.
You didn't know any spells.
Your spell library contained the following spells:

 Spells                   Type           Power      Damage    Failure   Level
 Ensorcelled Hibernation  Hex/Ice        0%         N/A       93%         2
 Inner Flame              Hex/Fire       0%         N/A       99%         3
 Spider Form              Tmut/Pois      0%         N/A       99%         3
 Anguish                  Hex/Necr       0%         N/A       100%        4
 Cause Fear               Hex            0%         N/A       100%        4
 Discord                  Hex            0%         N/A       100%        8


Dungeon Overview and Level Annotations

Branches:
Dungeon (3/15)

Altars:
Ignis

Shops:
D:2 =*[

Annotations:
D:2 1 runed translucent door, Crazy Yiuf


Innate Abilities, Weirdness & Mutations

You are immune to sickness and miasma.
Your stone body is resilient. (AC +4)
You are immune to poison.
You resist negative energy. (rN+)
You are resistant to electric shocks. (rElec)
You are resistant to unholy torment.
You are immune to petrification.


Message History

You kill the orc!
An orc comes into view. It is wielding a +0 whip.
The orc shouts!
You block the endoplasm's attack.
An orc priest comes into view. It is wielding a +0 dagger.
Things that are here:
a +1 dagger of distortion; a +0 leather armour You closely miss Ijyb.
The endoplasm misses you.
An orc comes into view. It is wielding a +0 hand axe.
Ijyb hits you but does no damage. Ijyb is burned by your cloak of flames.
Ijyb is lightly wounded.
You hit Ijyb. You burn Ijyb.
Ijyb is moderately wounded.
The endoplasm closely misses you. You block Ijyb's attack.
An orc comes into view. It is wielding a +0 trident.
The orc shouts!
You hit Ijyb but do no damage.
Ijyb is moderately wounded.
The endoplasm barely misses you.
Ijyb zaps a wand.
The puff of flame hits you but does no damage.
The endoplasm freezes you.
You are frozen.
* * * LOW HITPOINT WARNING * * *
Ijyb hits you but does no damage. Ijyb is burned by your cloak of flames.
Ijyb is moderately wounded.
You puncture Ijyb! You burn Ijyb.
Ijyb is almost dead.
The endoplasm hits you but does no damage.
The endoplasm is burned by your cloak of flames.
The endoplasm is severely wounded.
Ijyb hits you but does no damage.
You puncture Ijyb! You burn Ijyb.
You kill Ijyb!
The endoplasm hits you but does no damage.
The endoplasm is burned by your cloak of flames.
You kill the endoplasm!
Your Stealth skill increases to level 1!
The orc priest calls down the wrath of Beogh upon you.
Beogh smites you!
You die...

#.# #.# #o. # #o# #
## #o# #. ##. #o#
#.#.##.. #.#
#.....# #)# ...##).
#@# . ##.
#.##############..
#.).J..g....>.....
################..
####. ####....
#>...... #.##.##.
############.##†##.


You could see an orc priest and 3 orcs.

Vanquished Creatures
  Ijyb (D:3)
  Jessica (D:2)
  An iguana (D:3)
  Natasha (D:2)
  A gnoll (D:1)
  3 adders
  2 dart slugs (D:1)
  An orc (D:3)
  6 endoplasms
  2 giant cockroaches
  3 goblins
  3 hobgoblins (D:1)
  2 jackals (D:2)
  3 quokkas (D:2)
  3 ball pythons (D:1)
  5 bats
  2 frilled lizards (D:2)
  3 kobolds
  6 rats
49 creatures vanquished.

Vanquished Creatures (others)
  6 foxfires (D:2)
6 creatures vanquished.

Grand Total: 55 creatures vanquished

Notes
Turn   | Place    | Note
-------+----------+-------------------------------------------
     0 | D:1      | HessuHobo the Gargoyle Fighter began the quest for the Orb.
     0 | D:1      | Reached XP level 1. HP: 14/14 MP: 1/1
    86 | D:1      | Found a faded altar of an unknown god.
   329 | D:1      | Reached XP level 2. HP: 19/19 MP: 2/2
   361 | D:1      | Prayed at the altar of an unknown god.
   361 | D:1      | Became a worshipper of Ignis, the Dying Flame
   615 | D:1      | Reached XP level 3. HP: 21/23 MP: 3/3
  1388 | D:2      | Found Pibo's Jewellery Boutique.
  1398 | D:2      | Found Kyagot's Armour Shop.
  1691 | D:2      | Reached XP level 4. HP: 20/29 MP: 4/4
  2117 | D:2      | Noticed Natasha
  2120 | D:2      | Killed Natasha
  2455 | D:2      | Noticed Jessica
  2477 | D:2      | Killed Jessica
  2478 | D:2      | Reached XP level 5. HP: 30/33 MP: 5/5
  2627 | D:2      | Found Ozotism's Assorted Antiques.
  2800 | D:2      | Found a runed translucent door.
  2801 | D:2      | Noticed Crazy Yiuf
  2888 | D:3      | Identified the +5 spear of Skirmishing {flame, +Blink Fly
                  | Dex+2}
  2960 | D:3      | Noticed Ijyb
  2995 | D:3      | Killed Ijyb
  2996 | D:3      | Reached skill level 1 in Stealth
  2996 | D:3      | Killed from afar by an orc priest

Illustrated notes

Levels and vault maps discovered:
D:1:      psy_arrival_wood_between_worlds, layout_basic,
          shapermc_ecumenical_altar_mp_highgroup
D:2:      layout_loops_corners, serial_shops, nicolae_shop_stone, shop,
          nicolae_shop_competitors_out_of_business, uniq_natasha,
          uniq_crazy_yiuf_cottage, uniq_jessica
D:3:      layout_loops_ring, minmay_curled_crystal, uniq_ijyb, uniq_terence

Skill      XL: |  1  2  3  4  5 |
---------------+----------------+-----
Fighting       | 4 |  4.4
Armour         | 4 |  4.4
Shields        | 4 |  4.3
Maces & Flails | 3 |  3.0
Stealth        | 1 |  1.0
Polearms       | |  0.5

Action                   |  1- 3 |  4- 6 || total
-------------------------+-------+-------++-------
Melee: Flail             |    93 |    39 ||   132
       Spear             |       |    15 ||    15
Invok: Foxfire Swarm     |       |     1 ||     1
       Fiery Armour      |       |     1 ||     1
  Use: Scroll            |     1 |       ||     1
Armor: Scale mail        |    57 |    45 ||   102
Dodge: Dodged            |    46 |    23 ||    69
Block: Buckler           |    19 |    12 ||    31

Table legend: (Time is in decaauts)
 A = Elapsed time spent in this place.
 B = Non-inter-level travel time spent in this place.
 C = Inter-level travel time spent in this place.
 D = Time resting spent in this place.
 E = Time spent auto-exploring this place.
 F = Levels seen in this place.
 G = Mean time per level.
                   A        B        C        D        E       F      G
               +--------+--------+--------+--------+--------+-----+--------+
         Total |   3039 |   2895 |    144 |   1043 |   1378 |   3 | 1013.0 |
       Dungeon |   3039 |   2895 |    144 |   1043 |   1378 |   3 | 1013.0 |
               +--------+--------+--------+--------+--------+-----+--------+

Top non-repeatable levels by time:
     D:2: 1598 daAuts
     D:1: 1275 daAuts
     D:3: 165 daAuts
